 Dungeon Crawl Stone Soup version 0.22.1-2-g9c5b331383 (webtiles) character file.

34998 lionri the Severer (level 13, -2/119 HPs)
             Began as a Minotaur Berserker on Dec 3, 2018.
             Was an Elder of Trog.
             Slain by a komodo dragon (24 damage)
             ... on level 6 of the Lair of Beasts.
             The game lasted 00:18:56 (14135 turns).

lionri the Severer (Minotaur Berserker)            Turns: 14135, Time: 00:18:56

Health: -2/119     AC: 16    Str: 26    XL:     13   Next: 45%
Magic:  4/4        EV: 16    Int:  4    God:    Trog [****..]
Gold:   979        SH:  0    Dex: 11    Spells: 12/12 levels left

rFire    . . .     SeeInvis .   O - +6 executioner's axe (antimagic)
rCold    . . .     Gourm    +   (shield currently unavailable)
rNeg     . . .     Faith    .   H - +0 chain mail
rPois    .         Spirit   .   (helmet restricted)
rElec    .         Reflect  .   q - +0 cloak
rCorr    .         Harm     .   s - +1 pair of gloves
MR       ++...                  (no boots)
Stlth    ..........             t - amulet of the gourmand
HPRegen  1.29/turn              g - +6 ring of slaying
MPRegen  0.09/turn              w - +2 ring of evasion

@: berserk cooldown, regenerating, slowed, very slow
A: retaliatory headbutt, horns 2
a: Berserk, Trog's Hand, Brothers in Arms, Renounce Religion


You were on level 6 of the Lair of Beasts.
You worshipped Trog.
Trog was greatly pleased with you.
You were very full.

You visited 2 branches of the dungeon, and saw 16 of its levels.

You collected 979 gold pieces.

Inventory:

Hand Weapons
 M - a +3 antimagic broad axe
 O - a +6 antimagic executioner's axe (weapon)
Armour
 q - a +0 cloak (worn)
 s - a +1 pair of gloves (worn)
 H - a +0 chain mail (worn)
Jewellery
 g - a +6 ring of slaying (left hand)
 t - an amulet of the gourmand (around neck)
 w - a +2 ring of evasion (right hand)
 x - an uncursed amulet of guardian spirit
 L - an uncursed amulet of harm {unknown}
 P - an uncursed ring of wizardry {unknown}
Wands
 n - a wand of paralysis (12)
 u - a wand of flame (20)
 B - a wand of scattershot (7)
 C - a wand of iceblast (12)
 D - a wand of acid (16)
 I - a wand of disintegration (14)
Scrolls
 a - 2 scrolls of fog
 d - 6 scrolls of magic mapping
 e - 7 scrolls of remove curse
 f - 6 scrolls of identify
 i - 8 scrolls of teleportation
 j - 4 scrolls of immolation
 k - 2 scrolls of enchant armour
 o - 3 scrolls of random uselessness
 p - a scroll of amnesia
 y - 2 scrolls of blinking
 G - 2 scrolls of torment {unknown}
 N - a scroll of fear {unknown}
Potions
 b - 2 potions of agility
 h - 2 potions of mutation
 l - 3 potions of flight
 m - 2 potions of ambrosia
 r - 2 potions of might
 v - 2 potions of curing
 z - 4 potions of invisibility
 A - 3 potions of lignification {unknown}
 E - 2 potions of resistance {unknown}
 F - 3 potions of heal wounds {unknown}
 K - 2 potions of magic {unknown}
 Q - a potion of degeneration {unknown}
 S - a potion of haste {unknown}
Miscellaneous
 J - a phial of floods
Comestibles
 c - 31 rations
 R - 26 chunks of flesh


   Skills:
 + Level 12.8 Fighting
 * Level 16.8 Axes
 + Level 12.5 Armour
 + Level 11.6 Dodging


You had 12 spell levels left.
You didn't know any spells.
Your spell library was empty.

Dungeon Overview and Level Annotations

Branches:
Dungeon (10/15)            Temple (0/1) D:4            Lair (6/6) D:9
 Shoals (0/4) Lair:3        Snake (0/4) Lair:2        Slime (0/5) Lair:5
    Orc (0/2) D:9

Altars:
Cheibriados
Elyvilon
Makhleb
Nemelex Xobeh
Okawaru
Qazlal
Uskayaw
Wu Jian
Xom
The Shining One
Jiyva


Innate Abilities, Weirdness & Mutations

You reflexively headbutt those who attack you in melee.
You have a pair of horns on your head.


Message History

You slash the komodo dragon! You headbutt the komodo dragon!
The komodo dragon is heavily wounded.
You slash the fungus! You slice the plant!! The komodo dragon bites you!
You barely miss the komodo dragon. Your headbutt misses the komodo dragon.
The komodo dragon is heavily wounded.
You slash the fungus! You slash the plant! The komodo dragon bites you!!
The komodo dragon bites you but does no damage.
You slash the komodo dragon! Your headbutt misses the komodo dragon.
The komodo dragon is severely wounded.
You slice the fungus!!
You destroy the fungus!
You hit the plant but do no damage.
The komodo dragon hisses menacingly.
The komodo dragon bites you.
* * * LOW HITPOINT WARNING * * *
The komodo dragon bites you!!
* * * LOW HITPOINT WARNING * * *
Okay, then.
You feel better. The komodo dragon bites you!!
You die...

.... .... ....P .....## #.
....... ## .... ....<..
##)##.#.. ......l####.......
.......@.....P..# .
......P....P....#..
......#.P.†.........
.......##..†..#.....
.....................
..._...P.P...##......#......
.......##...P#P.....##......
.......##....P..............
...P.#..##..................


You could see a komodo dragon.

Vanquished Creatures
  6 hydras
  2 catoblepae
  Erica (D:8)
  A two-headed ogre (D:9)
  Sonja (Lair:4)
  The ghost of iVAG the Shield-Bearer, a novice HuFi (D:8)
  An oklob plant (Lair:1)
  A merfolk siren (Lair:3)
  3 black mambas
  7 spiny frogs
  A gargoyle (D:10)
  2 rime drakes
  4 komodo dragons
  5 polar bears (Lair:6)
  36 blink frogs
  4 dream sheep (Lair:6)
  3 hippogriffs
  4 vampires
  3 basilisks
  10 yaks
  A wyvern (Lair:4)
  A steam dragon (D:10)
  Menkaure (D:7)
  7 nagas (Lair:2)
  14 water moccasins
  5 porcupines
  An orc warrior (D:9)
  5 sky beasts
  A hornet zombie (D:7)
  7 ogres
  A phantom (D:5)
  A necrophage (D:9)
  3 wolves (Lair:4)
  8 centaurs
  11 crocodiles
  A big kobold (D:8)
  13 bullfrogs
  A gnoll sergeant (D:10)
  A water moccasin zombie (D:6)
  3 scorpions (D:9)
  2 water moccasin skeletons (D:9)
  6 killer bees
  A wight (D:8)
  2 electric eels (Lair:2)
  6 crimson imps
  2 bullfrog zombies
  10 hounds
  2 quasits
  12 jellies
  4 orc priests
  2 centaur skeletons (D:9)
  9 orc wizards
  7 iguanas
  8 worker ants
  A hound skeleton (D:9)
  Robin (D:4)
  A worker ant zombie (D:8)
  15 gnolls
  16 adders
  A shadow imp (D:7)
  19 oozes
  2 adder zombies
  4 worms
  A dart slug (D:2)
  8 leopard geckos
  32 orcs
  7 giant cockroaches
  12 goblins
  6 hobgoblins
  13 jackals
  6 quokkas
  9 bats
  2 frilled lizards (D:4)
  A jackal skeleton (D:8)
  A jackal zombie (D:7)
  12 kobolds
  A leopard gecko skeleton (D:8)
  4 rats
  15 fungi
  16 plants
461 creatures vanquished.

Vanquished Creatures (collateral kills)
  An oklob plant (Lair:3)
1 creature vanquished.

Vanquished Creatures (others)
  11 fungi
  5 plants
16 creatures vanquished.

Grand Total: 478 creatures vanquished

Notes
Turn   | Place    | Note
-------+----------+-------------------------------------------
     0 | D:1      | lionri the Minotaur Berserker began the quest for the Orb.
     0 | D:1      | Reached XP level 1. HP: 19/19 MP: 0/0
   242 | D:1      | Reached XP level 2. HP: 22/27 MP: 1/1
   253 | D:1      | Reached skill level 4 in Axes
   894 | D:2      | Reached XP level 3. HP: 27/33 MP: 2/2
   930 | D:2      | Found a hide-covered altar of Uskayaw.
   997 | D:2      | Reached XP level 4. HP: 40/40 MP: 3/3
  1007 | D:2      | Reached ** piety under Trog
  1599 | D:3      | Reached skill level 5 in Axes
  1608 | D:3      | Reached XP level 5. HP: 33/47 MP: 4/4
  1951 | D:3      | Found a glowing silver altar of Zin.
  1953 | D:3      | Found a shimmering altar of Xom.
  1953 | D:3      | Found a white marble altar of Elyvilon.
  1961 | D:3      | Found a stormy altar of Qazlal.
  1961 | D:3      | Found a snail-covered altar of Cheibriados.
  1961 | D:3      | Found an ornate altar of the Wu Jian Council.
  2047 | D:4      | Noticed an ogre
  2055 | D:4      | Killed an ogre
  2055 | D:4      | Reached skill level 6 in Axes
  2055 | D:4      | Reached XP level 6. HP: 44/55 MP: 5/5
  2098 | D:4      | Found a sparkling altar of Nemelex Xobeh.
  2132 | D:4      | Reached *** piety under Trog
  2152 | D:4      | Found a staircase to the Ecumenical Temple.
  2350 | D:4      | Noticed Robin
  2362 | D:4      | Killed Robin
  2362 | D:4      | Reached skill level 5 in Fighting
  2741 | D:5      | Entered Level 5 of the Dungeon
  2746 | D:5      | Reached XP level 7. HP: 59/61 MP: 6/6
  2889 | D:5      | Reached skill level 7 in Axes
  2903 | D:5      | Found a glowing golden altar of the Shining One.
  2982 | D:5      | Reached skill level 5 in Armour
  3020 | D:5      | Reached **** piety under Trog
  3090 | D:5      | Found a burning altar of Makhleb.
  3535 | D:6      | Found a sparkling altar of Nemelex Xobeh.
  3703 | D:6      | Reached skill level 5 in Dodging
  3833 | D:6      | Reached XP level 8. HP: 70/70 MP: 7/7
  3891 | D:6      | Reached skill level 8 in Axes
  4568 | D:7      | Noticed Menkaure
  4575 | D:7      | Killed Menkaure
  4592 | D:7      | Reached skill level 9 in Axes
  4780 | D:7      | Reached XP level 9. HP: 76/79 MP: 8/8
  5089 | D:8      | Reached skill level 10 in Axes
  5094 | D:8      | Reached ***** piety under Trog
  5216 | D:8      | Found a transporter.
  5275 | D:8      | Noticed Erica
  5289 | D:8      | Killed Erica
  5289 | D:8      | Reached skill level 11 in Axes
  5291 | D:8      | Reached XP level 10. HP: 29/90 MP: 9/9
  5343 | D:8      | Found a transporter.
  5344 | D:8      | Noticed iVAG's ghost (novice HuFi)
  5517 | D:8      | Killed iVAG's ghost
  5810 | D:9      | Found a staircase to the Lair.
  5827 | D:9      | Reached skill level 12 in Axes
  5956 | D:9      | Received a gift from Trog
  6272 | D:9      | Found a staircase to the Orcish Mines.
  6576 | D:9      | Noticed a two-headed ogre
  6581 | D:9      | Killed a two-headed ogre
  7049 | D:10     | Entered Level 10 of the Dungeon
  7152 | D:10     | Reached XP level 11. HP: 92/99 MP: 10/10
  7156 | D:10     | Reached skill level 13 in Axes
  7166 | D:10     | Reached skill level 10 in Fighting
  7612 | Lair:1   | Entered Level 1 of the Lair of Beasts
  7712 | Lair:1   | Reached skill level 10 in Armour
  7849 | Lair:1   | Received a gift from Trog
  7849 | Lair:1   | Reached skill level 14 in Axes
  7903 | Lair:1   | Noticed an oklob plant
  7924 | Lair:1   | Killed an oklob plant
  8554 | Lair:1   | Noticed a seven-headed hydra
  8563 | Lair:1   | Killed an 11-headed hydra
  9128 | Lair:2   | Noticed a catoblepas
  9134 | Lair:2   | Killed a catoblepas
  9134 | Lair:2   | Reached skill level 10 in Dodging
  9134 | Lair:2   | Reached XP level 12. HP: 110/110 MP: 3/11
  9190 | Lair:2   | Found a staircase to the Snake Pit.
  9592 | Lair:2   | Found a white marble altar of Elyvilon.
 10818 | Lair:3   | Noticed a five-headed hydra
 10825 | Lair:3   | Killed a nine-headed hydra
 10825 | Lair:3   | Reached skill level 15 in Axes
 11204 | Lair:3   | Found a staircase to the Shoals.
 11367 | Lair:3   | Noticed a six-headed hydra
 11377 | Lair:3   | Killed a ten-headed hydra
 12082 | Lair:4   | Noticed Sonja
 12099 | Lair:4   | Killed Sonja
 12166 | Lair:4   | Noticed an eight-headed hydra
 12173 | Lair:4   | Killed a 12-headed hydra
 12677 | Lair:4   | Received a gift from Trog
 12685 | Lair:4   | Reached skill level 16 in Axes
 12778 | Lair:4   | Noticed an eight-headed hydra
 12783 | Lair:4   | Killed a nine-headed hydra
 13128 | Lair:5   | Found a staircase to the Slime Pits.
 13130 | Lair:5   | Found a viscous altar of Jiyva.
 13150 | Lair:5   | Noticed a catoblepas
 13158 | Lair:5   | Killed a catoblepas
 13158 | Lair:5   | Reached XP level 13. HP: 78/118 MP: 4/12
 13419 | Lair:5   | Found a labyrinth entrance.
 13946 | Lair:6   | Entered Level 6 of the Lair of Beasts
 14016 | Lair:6   | Found an iron altar of Okawaru.
 14135 | Lair:6   | Slain by a komodo dragon

Skill      XL: |  1  2  3  4  5  6  7  8  9 10 11 12 |
---------------+-------------------------------------+-----
Axes           | 4 5 6 7 9 11 12 14 16 | 16.8
Fighting       | 4 5 6 7 8 9 11 12 | 12.8
Armour         | 3 4 5 6 8 9 10 12 | 12.5
Dodging        | 3 4 5 6 7 8 10 11 | 11.6

Action                   |  1- 3 |  4- 6 |  7- 9 | 10-12 | 13-15 || total
-------------------------+-------+-------+-------+-------+-------++-------
Melee: Hand axe          |    48 |   103 |   202 |   360 |       ||   713
       Headbutt          |     6 |    19 |    40 |   117 |    23 ||   205
       Executioner's axe |       |       |       |   194 |    84 ||   278
Invok: Trog's Hand       |       |     1 |     4 |     9 |     2 ||    16
       Berserk           |       |     1 |     4 |     8 |     1 ||    14
       Brothers in Arms  |       |       |       |     1 |       ||     1
  Use: Scroll            |       |     7 |     2 |    13 |       ||    22
       Potion            |       |       |       |     5 |     1 ||     6
  Eat: Chunk             |       |     5 |    23 |    38 |     3 ||    69
       Ration            |       |     2 |       |       |       ||     2
Armor: Animal skin       |     9 |       |       |       |       ||     9
       Ring mail         |     6 |    37 |    22 |       |       ||    65
       Chain mail        |       |       |    35 |   198 |    33 ||   266
Dodge: Dodged            |    28 |    37 |   111 |   393 |    82 ||   651
Block: Buckler           |     2 |     7 |    22 |    35 |       ||    66
